 Dungeon Crawl Stone Soup version 0.29-a0-1047-g7c58e119a4 (webtiles) character file.

Game seed: 4867140110992213504

595 wingedge the Shooter (level 6, -1/52 HPs)
             Began as a Demigod Hunter on Aug 16, 2022.
             Slain by a bone dragon (10 damage)
             ... on level 1 of the Abyss.
             The game lasted 00:27:43 (6291 turns).

wingedge the Shooter (Demigod Hunter)               Turns: 6291, Time: 00:27:44

Health: -1/52      AC:  8    Str: 16    XL:     6   Next: 95%
Magic:  8/8        EV: 11    Int: 11    God:
Gold:   279        SH:  0    Dex: 21    Spells: 5/5 levels left

rFire   . . .      SeeInvis .   a - +0 shortbow
rCold   . . .      Faith    .   (shield currently unavailable)
rNeg    . . .      Spirit   .   m - +0 ring mail
rPois   .          Reflect  .   d - +0 helmet
rElec   .          Harm     .   (no cloak)
rCorr   .          Rampage  .   (no gloves)
Will    .....                   i - +1 pair of boots
Stlth   +.........              (no amulet)
HPRegen 0.17/turn               (no ring)
MPRegen 0.11/turn               (no ring)

@: about to teleport
A: high MP 1, forlorn, divine attributes
a: no special abilities


You were on level 1 of the Abyss.
You visited 1 branch of the dungeon, and saw 5 of its levels.
You visited the Abyss 1 time.

You collected 279 gold pieces.

Inventory:

Hand Weapons
 a - a +0 shortbow (weapon)
 b - a +0 dagger of venom
 n - a +0 rapier
 p - a +0 falchion
 x - a +1 flail of holy wrath
Armour
 c - a +0 leather armour
 d - a +0 helmet (worn)
 i - a +1 pair of boots (worn)
 m - a +0 ring mail (worn)
Magical Staves
 q - a staff of earth
Wands
 y - a wand of digging (4)
Scrolls
 e - a scroll of teleportation
 g - a scroll of fear
 k - 3 scrolls of immolation
 u - a scroll of blinking
 v - a scroll of vulnerability
Potions
 f - a potion of magic
 h - a potion of berserk rage
 l - a potion of curing
 o - a potion of brilliance
 r - a potion of flight
 s - a potion of cancellation {unknown}
 t - a potion of mutation {unknown}
 w - a potion of heal wounds


   Skills:
 - Level 4.0 Fighting
 - Level 6.2 Ranged Weapons
 - Level 3.0 Armour
 - Level 2.0 Dodging
 + Level 1.0 Stealth


You had 5 spell levels left.
You didn't know any spells.
Your spell library contained the following spells:

 Spells                   Type           Power      Damage    Failure   Level
 Foxfire                  Conj/Fire      0%         2x1d4     54%         1
 Blink                    Tloc           0%         N/A       69%         2
 Conjure Flame            Conj/Fire      0%         6-21      89%         3
 Inner Flame              Hex/Fire       0%         N/A       89%         3
 Lesser Beckoning         Tloc           0%         N/A       89%         3
 Ozocubu's Armour         Ice            0%         N/A       89%         3
 Flame Wave               Conj/Fire      0%         2d4       100%        4
 Manifold Assault         Tloc           0%         N/A       100%        5
 Metabolic Englaciation   Hex/Ice        0%         N/A       100%        5
 Simulacrum               Ice/Necr       0%         N/A       100%        6


Dungeon Overview and Level Annotations

Branches:
Dungeon (5/15)
 Temple: D:4-7

Shops:
D:5 [

Annotations:
D:3 Crazy Yiuf


Innate Abilities, Weirdness & Mutations

You have an increased reservoir of magic. (+10% MP)
You shall have no god before yourself.
Your divine heritage dramatically boosts your attributes as you level up.


Message History

Your +0 pair of boots glows green for a moment.
You start resting.
A large abomination comes into view.
As you read the scroll of teleportation, it crumbles to dust.
You feel strangely unstable.
You feel the power of the Abyss delaying your translocation!
There is an open translucent door here.
You enter the shallow water.
Moving in this stuff is going to be slow.
You are suddenly pulled into a different region of the Abyss!
A cyan ugly thing and a cyan very ugly thing come into view.
As you read the scroll of teleportation, it crumbles to dust.
You feel strangely unstable.
You feel the power of the Abyss delaying your translocation!
The cyan very ugly thing gurgles horribly!
The cyan ugly thing gurgles horribly!
The cyan very ugly thing gurgles horribly!
You hear a horrible gurgling sound!
The cyan very ugly thing basks in the mutagenic energy from its kin and changes!
A cyan very ugly thing comes into view.
The cyan very ugly thing basks in the mutagenic energy from its kin and changes!
The red very ugly thing basks in the mutagenic energy from its kin and changes!
You are suddenly pulled into a different region of the Abyss!
Found a gateway leading deeper into the Abyss.
A bone dragon comes into view.
An alligator snapping turtle skeleton comes into view.
As you read the scroll of teleportation, it crumbles to dust.
You feel strangely unstable.
You feel the power of the Abyss delaying your translocation!
The bone dragon barely misses you. The bone dragon closely misses you.
The bone dragon tramples you.
You hold your ground!
The bone dragon attacks as you move away!
The bone dragon bites you!! The bone dragon claws you.
The bone dragon tramples you but does no damage.
The cyan very ugly thing misses you.
The bone dragon attacks as you move away!
The bone dragon bites you!
* * * LOW HITPOINT WARNING * * *
The bone dragon barely misses you. The bone dragon tramples you!
You die...

. . .# ##. .# ..
#.##. # ###
#ยง#.####.##. ##
##..@.....#..#.
###uD#..##..#.
#...#.##.#.#.#
#.#.......## ###
...#...#..#.....#
...Z...##..#.###
.## ##
....#..###.#.##
##. .. ......#
..## # ####.# . #
## #.# #.# #.#


You could see a bone dragon, a cyan very ugly thing and an alligator snapping
turtle skeleton.

Vanquished Creatures
  A black bear (D:5)
  A phantom (D:3)
  A jelly (D:4)
  A gnoll bouda (D:4)
  Terence (D:3)
  Robin (D:1)
  8 gnolls
  11 adders
  A shadow imp (D:5)
  An ufetubus (D:5)
  4 worms
  4 dart slugs
  11 orcs
  10 endoplasms
  5 giant cockroaches
  13 hobgoblins
  2 jackals (D:1)
  5 quokkas
  9 ball pythons
  5 bats
  7 frilled lizards
  14 goblins
  6 kobolds
  5 rats
127 creatures vanquished.

Vanquished Creatures (others)
  12 plants
12 creatures vanquished.

Grand Total: 139 creatures vanquished

Notes
Turn   | Place    | Note
-------+----------+-------------------------------------------
     0 | D:1      | wingedge the Demigod Hunter began the quest for the Orb.
     0 | D:1      | Reached XP level 1. HP: 17/17 MP: 3/3
     1 | D:1      | Noticed an electric eel
    24 | D:1      | Reached skill level 1 in Stealth
   422 | D:1      | Reached XP level 2. HP: 5/24 MP: 4/4
   727 | D:1      | Reached skill level 4 in Ranged Weapons
  1163 | D:1      | Reached XP level 3. HP: 22/29 MP: 5/5
  2049 | D:2      | Noticed Robin
  2073 | D:1      | Killed Robin
  2408 | D:2      | Reached skill level 5 in Ranged Weapons
  2598 | D:2      | Reached XP level 4. HP: 36/36 MP: 6/6
  3256 | D:3      | Noticed Terence
  3267 | D:3      | Killed Terence
  3590 | D:3      | Found a runed translucent door.
  3591 | D:3      | Noticed Crazy Yiuf
  3688 | D:3      | Reached XP level 5. HP: 45/45 MP: 7/7
  4282 | D:4      | Reached skill level 6 in Ranged Weapons
  4341 | D:4      | Reached skill level 1 in Armour
  4595 | D:4      | Reached XP level 6. HP: 44/51 MP: 8/8
  5074 | D:4      | HP: 3/76 [gnoll/+0 trident (2)]
  5780 | D:5      | Entered Level 5 of the Dungeon
  5977 | D:5      | Found Feocke's Antique Armour Shop.
  6055 | Abyss:1  | Cast into level 1 of the Abyss (Crazy Yiuf)
  6198 | Abyss:1  | Noticed a large abomination
  6216 | Abyss:1  | Noticed a cyan very ugly thing
  6216 | Abyss:1  | Noticed a cyan ugly thing
  6216 | Abyss:1  | Noticed a cyan very ugly thing
  6218 | Abyss:1  | Noticed a cyan very ugly thing
  6261 | Abyss:1  | Noticed a bone dragon
  6291 | Abyss:1  | Slain by a bone dragon

Illustrated notes

Levels and vault maps discovered:
D:1:      arrival_aquarium_a, layout_basic, serial_forest,
          infiniplex_forest_end_3, infiniplex_forest_end_1,
          infiniplex_forest_clump_curved, infiniplex_forest_straight_2,
          infiniplex_forest_diagonal, chequers_ecumenical_altar_grove,
          amcnicky_mini_corridor_feature
D:2:      layout_loops_cross, serial_forest, infiniplex_forest_lined_1,
          infiniplex_forest_clump_tiny, infiniplex_forest_lined_room_3,
          infiniplex_forest_straight_2, infiniplex_forest_fountain,
          infiniplex_forest_clump_double, infiniplex_forest_corner_1,
          infiniplex_forest_clump_double, uniq_robin
D:3:      layout_loops_ring, uniq_crazy_yiuf_cottage, uniq_terence
D:4:      layout_basic, grunt_ministairs_4
D:5:      layout_gridville, minmay_temple_entry_sparse_star, serial_shops,
          shop_fountains, minmay_holes, uniq_sigmund
Abyss:1:  base: D:1, grunt_abyss_exit_deep_breaths,
          hangedman_abyss_or_decor_jellyfish_corner

Skill      XL: |  1  2  3  4  5  6 |
---------------+-------------------+-----
Stealth        | 1 |  1.0
Fighting       | 2 3 4 |  4.0
Dodging        | 2 |  2.0
Ranged Weapons | 4 5 6 |  6.2
Armour         | 1 3 |  3.0

Action                   |  1- 3 |  4- 6 || total
-------------------------+-------+-------++-------
Melee: Dagger            |       |    59 ||    59
       Punch             |       |     2 ||     2
       Falchion          |       |    19 ||    19
 Fire: Shortbow          |   154 |   188 ||   342
Throw: Throwing net      |       |     1 ||     1
  Use: Potion            |     1 |     4 ||     5
       Scroll            |       |    14 ||    14
Armor: Leather armour    |    36 |       ||    36
       Ring mail         |       |    48 ||    48
Dodge: Dodged            |    70 |    86 ||   156

Table legend: (Time is in decaauts)
 A = Elapsed time spent in this place.
 B = Non-inter-level travel time spent in this place.
 C = Inter-level travel time spent in this place.
 D = Time resting spent in this place.
 E = Time spent auto-exploring this place.
 F = Levels seen in this place.
 G = Mean time per level.
                   A        B        C        D        E       F      G
               +--------+--------+--------+--------+--------+-----+--------+
         Total |   6410 |   6090 |    320 |   2434 |   1453 |   6 | 1068.3 |
       Dungeon |   6175 |   5855 |    320 |   2293 |   1453 |   5 | 1235.0 |
         Abyss |    235 |    235 |      0 |    141 |      0 |   1 |  235.0 |
               +--------+--------+--------+--------+--------+-----+--------+

Top non-repeatable levels by time:
     D:1: 2375 daAuts
     D:3: 1577 daAuts
     D:4: 1121 daAuts
     D:2: 857 daAuts
     D:5: 243 daAuts
 Abyss:1: 235 daAuts
